 Dungeon Crawl Stone Soup version 0.28.0-53-g5a82cb258f (webtiles) character file.

Game seed: 2131365023850214302

74 H0rd4k the Charlatan (level 4, 0/32 HPs)
             Began as a Human Artificer on July 19, 2022.
             Slain by a ball python (1 damage)
             ... on level 2 of the Dungeon.
             The game lasted 00:02:03 (2293 turns).

H0rd4k the Charlatan (Human Artificer)              Turns: 2293, Time: 00:02:03

Health: 0/32       AC:  3    Str: 13    XL:     4   Next: 52%
Magic:  4/4        EV:  8    Int: 13    God:
Gold:   76         SH:  0    Dex: 13    Spells: 3/3 levels left

rFire   . . .      SeeInvis .   f - +0 mace
rCold   . . .      Faith    .   (no shield)
rNeg    . . .      Spirit   .   b - +0 leather armour
rPois   .          Reflect  .   (no helmet)
rElec   .          Harm     .   (no cloak)
rCorr   .          Rampage  .   (no gloves)
Will    .....                   (no boots)
Stlth   +.........              (no amulet)
HPRegen 0.10/turn               (no ring)
MPRegen 0.09/turn               (no ring)

@: lethally poisoned (0 -> -2), constricted
A: no striking features
a: no special abilities


You were on level 2 of the Dungeon.
You visited 1 branch of the dungeon, and saw 2 of its levels.

You collected 76 gold pieces.

Inventory:

Hand Weapons
 f - a +0 mace (weapon)
Armour
 b - a +0 leather armour (worn)
Jewellery
 g - the brooch of Shielding {Spirit SH+8}
   (You found it on level 2 of the Dungeon)

   [amulet of guardian spirit]

   It causes incoming damage to be divided between your reserves of health and
   magic.
   SH:        It affects your SH (+8).
Wands
 c - a wand of flame (9) (quivered)
 d - a wand of charming (13)
Scrolls
 a - 2 scrolls of fear {unknown}
Miscellaneous
 e - a piece from Xom's chessboard (15/15)


   Skills:
 + Level 1.5 Fighting
 + Level 1.5 Maces & Flails
 - Level 2.0 Armour
 + Level 1.9 Dodging
 - Level 1.0 Stealth
 + Level 4.0 Evocations


You had 3 spell levels left.
You didn't know any spells.
Your spell library was empty.

Dungeon Overview and Level Annotations

Branches:
Dungeon (2/15)

Altars:

Shops:
D:2 ?


Message History

A hobgoblin comes into view.
The goblin hits you with a +1 dagger of venom.
You barely miss the goblin.
The goblin hits you with a +1 dagger of venom.
You are poisoned.
The goblin hits you with a +1 dagger of venom.
You barely miss the goblin.
You feel very sick.
The goblin hits you with a +1 dagger of venom.
The ball python hisses angrily.
You hit the goblin.
The goblin is severely wounded.
You feel sick.
The goblin hits you with a +1 dagger of venom.
You are lethally poisoned!
You are too injured to fight recklessly!
You are too injured to fight recklessly!
You are too injured to fight recklessly!
You feel very sick.
The ball python bites you but does no damage.
The ball python closely misses you.
You feel sick.
* * * LOW HITPOINT WARNING * * *
You feel sick.
* * * LOW HITPOINT WARNING * * *
You feel sick.
* * * LOW HITPOINT WARNING * * *
You feel sick. The ball python closely misses you. x2
You aren't carrying any potions.
You aren't carrying any potions.
You closely miss the ball python.
* * * LOW HITPOINT WARNING * * *
You feel sick. The ball python barely misses you. The ball python grabs you.
The ball python constricts you.
* * * LOW HITPOINT WARNING * * *
Unknown command.
You closely miss the ball python.
* * * LOW HITPOINT WARNING * * *
You feel sick. The ball python bites you.
You die...

#..# .# ##.##
.# # #..# ..
.# ##.##
.##.#
#..###....#
##.##....###.
#.##........
#..#....#
##@#g.$.#
#S#....#
#g.....#
##.....#
#...### ##..#
#..# ##># .#


You could see a goblin and a ball python.

Vanquished Creatures
  A gnoll (D:1)
  An adder (D:2)
  A worm (D:2)
  4 dart slugs
  2 bats
  An endoplasm (D:2)
  A giant cockroach (D:1)
  7 hobgoblins
  3 quokkas (D:1)
  6 ball pythons (D:1)
  7 goblins
  5 kobolds
  3 rats (D:1)
42 creatures vanquished.

Vanquished Creatures (others)
  An adder (D:2)
1 creature vanquished.

Grand Total: 43 creatures vanquished

Notes
Turn   | Place    | Note
-------+----------+-------------------------------------------
     0 | D:1      | H0rd4k the Human Artificer began the quest for the Orb.
     0 | D:1      | Reached XP level 1. HP: 15/15 MP: 1/1
    67 | D:1      | Reached XP level 2. HP: 21/21 MP: 2/2
   651 | D:1      | Reached XP level 3. HP: 25/26 MP: 3/3
   701 | D:1      | Found a faded altar of an unknown god.
   762 | D:1      | Reached skill level 4 in Evocations
  1485 | D:1      | Reached skill level 1 in Maces & Flails
  1485 | D:1      | Reached XP level 4. HP: 28/32 MP: 4/4
  1747 | D:2      | Found Rutaawk's Magic Scroll Shop.
  2005 | D:2      | Found the brooch of Shielding {Spirit SH+8}
  2293 | D:2      | HP: 1/32 [poisoned by a goblin]
  2293 | D:2      | Slain by a ball python

Illustrated notes

Levels and vault maps discovered:
D:1:      roderic_chinese_lattice_arrival, layout_loops_ring,
          shapermc_ecumenical_altar_starsandcircs, minmay_misc_feat_alley,
          dk_noncrumbling_2, item_on_display_a
D:2:      layout_basic, serial_shops, nicolae_shop_crystal, shop,
          minmay_tetromino_t2

Skill      XL: |  1  2  3 |
---------------+----------+-----
Evocations     | 4 |  4.0
Maces & Flails | 1 |  1.5
Fighting       | |  1.5
Armour         | |  2.0
Dodging        | |  1.9
Stealth        | |  1.0

Action                   |  1- 3 |  4- 6 || total
-------------------------+-------+-------++-------
Melee: Club              |    90 |       ||    90
       Punch             |     3 |       ||     3
       Mace              |    44 |    35 ||    79
Evoke: Wand              |     2 |     6 ||     8
 Stab: Sleeping          |     1 |       ||     1
Armor: Leather armour    |    38 |     9 ||    47
Dodge: Dodged            |   107 |    24 ||   131
